 Dungeon Crawl Stone Soup version bcrawl-1.27.6 (webtiles) character file.

Game seed: 15617256132288604260

342550 Glundar the Grappler (level 10, -3/98 HPs)
             Began as a Troll Martial Artist on Sept 8, 2020.
             Was a High Priest of Wu Jian.
             Slain by a four-headed hydra (13 damage)
             ... on level 1 of the Lair of Beasts.
             The game lasted 00:23:43 (7142 turns).

Glundar the Grappler (Troll Martial Artist)         Turns: 7142, Time: 00:23:44

Health: -3/98      AC:  9    Str: 31    XL:     10   Next: 25%
Magic:  10/10      EV: 12    Int:  6    God:    Wu Jian [*****.]
Gold:   671        SH:  0    Dex: 12    Spells: 10/11 levels left

rFire    . . .     SeeInvis +   w - +0 whip (elec)
rCold    . . .     Gourm    +   (no shield)
rNeg     . . .     Faith    .   (armour unavailable)
rPois    .         Spirit   .   (helmet restricted)
rElec    .         Reflect  .   F - +0 cloak
rCorr    .         Harm     .   (gloves unavailable)
MR       .....                  (boots unavailable)
Stlth    ++........             (no amulet)
HPRegen  0.66/turn              x - +6 ring of strength
MPRegen  0.12/turn              p - ring of see invisible

@: no status effects
A: large, almost no armour, claws 3, fast metabolism 3, gourmand, regeneration
1, AC +8
a: Wall Jump, Serpent's Lash, Heavenly Storm, Renounce Religion


You were on level 1 of the Lair of Beasts.
You worshipped Wu Jian.
Wu Jian was extremely pleased with you.
You were very full.

You visited 2 branches of the dungeon, and saw 9 of its levels.
You also visited: Sewer.

You collected 671 gold pieces.

Inventory:

Hand Weapons
 b - a +0 hunting sling
 n - a cursed -2 mace
 w - a +0 whip of electrocution (weapon)
 z - the +3 dagger "Osef" {antimagic, MR+ Str+3 Dex+2, unknown}
   (You found it on level 6 of the Dungeon)

   It reduces the magical energy of the wielder, and disrupts the spells and
   magical abilities of those hit.
   Natural abilities and divine invocations are not affected.
   It affects your strength (+3).
   It affects your dexterity (+2).
   It affects your resistance to hostile enchantments.
 A - a +0 whip of flaming
Missiles
 g - 723 stones
 o - 733 sling bullets (quivered)
Armour
 F - a +0 cloak (worn)
Jewellery
 m - an uncursed ring of resist corrosion
 p - a ring of see invisible (right claw)
 x - a +6 ring of strength (left claw)
 J - the ring "Zigetes" {Fire Dex+4}
   (You found it on level 8 of the Dungeon)

   [ring of fire]

   It enhances your fire magic.
   It affects your dexterity (+4).
   It protects you from fire.
   It makes you vulnerable to cold.
Wands
 y - a wand of acid (10)
 B - a wand of polymorph (15)
 H - a wand of disintegration (11)
 I - a wand of flame (28)
Scrolls
 c - 5 scrolls of remove curse
 d - 3 scrolls of enchant weapon {unknown}
 h - a scroll of magic mapping {unknown}
 t - 3 scrolls of teleportation {unknown}
 v - 2 scrolls of blinking {unknown}
 D - 3 scrolls of identify
 E - a scroll of fog {unknown}
Potions
 a - 3 potions of agility
 f - 3 potions of haste
 i - 2 potions of lignification {unknown}
 j - a potion of heal wounds {unknown}
 k - 2 potions of might {unknown}
 l - a potion of resistance {unknown}
 q - 2 potions of degeneration {unknown}
 r - a potion of magic {unknown}
 s - 5 potions of brilliance
 u - 4 potions of curing
 C - a potion of ambrosia {unknown}
Comestibles
 e - 18 rations {!d}


   Skills:
 + Level 6.2 Fighting
 + Level 4.5 Slings
 + Level 6.2 Dodging
 + Level 4.1 Stealth
 + Level 8.0 Unarmed Combat
 - Level 1.0 Spellcasting
 - Level 1.0 Hexes


You had 10 spell levels left.
You knew the following spells:

 Your Spells              Type           Power        Failure   Level  Hunger
a - Confusing Touch       Hex            #.......     30%         1    None

Your spell library contained the following spells:

 Spells                   Type           Power        Failure   Level  Hunger
 Corona                   Hex            #......      30%         1    None
 Magic Dart               Conj           #...         41%         1    None
 Sandblast                Erth           #.....       41%         1    None
 Ensorcelled Hibernation  Hex/Ice        #.....       50%         2    ###....
 Passwall                 Tmut/Erth      #.......     56%         2    ###....
 Searing Ray              Conj           #.......     56%         2    ###....
 Confuse                  Hex            #.......     65%         3    #####..
 Tukima's Dance           Hex            #.......     65%         3    #####..
 Dazzling Orbs            Conj/Hex       #......      73%         3    #####..
 Iskenderun's Mystic Bla  Conj           #.......     80%         3    #####..
 Stone Arrow              Conj/Erth      #.....       80%         3    #####..
 Fulminant Prism          Conj/Hex       #.........   98%         4    ######.
 Petrify                  Tmut/Erth      #.........   99%         4    ######.
 Irradiate                Conj/Tmut      #.........   100%        5    #######
 Lee's Rapid Deconstruct  Erth           #.........   100%        5    #######


Dungeon Overview and Level Annotations

Branches:
Dungeon (8/12)             Temple (0/1) D:5            Lair (1/6) D:8
    Orc: D:8-11

Altars:
Ashenzari
Cheibriados
Dithmenos
Elyvilon
Gozag
Hepliaklqana
Lugonu
Makhleb
Nemelex Xobeh
Qazlal
Trog
Xom
Zin
The Shining One

Shops:
D:3 *   D:7 (

Annotations:
D:8 5 transporters


Innate Abilities, Weirdness & Mutations

You cannot wear most types of armour.
Your thick skin is tough. (AC +8)
You are too large for most types of armour.
You have claws for hands.
Your metabolism is lightning-fast.
You like to eat raw meat.
Your natural rate of healing is unusually fast.


Message History

The four-headed hydra bites you.
The four-headed hydra closely misses you.
The four-headed hydra bites you. The four-headed hydra bites you!
You hit the four-headed hydra.
The four-headed hydra is heavily wounded.
The porcupine bites you but does no damage.
The four-headed hydra bites you. The four-headed hydra bites you!
* * * LOW HITPOINT WARNING * * *
The four-headed hydra misses you. The four-headed hydra bites you.
* * * LOW HITPOINT WARNING * * *
You barely miss the four-headed hydra.
The four-headed hydra is heavily wounded.
The porcupine bites you.
* * * LOW HITPOINT WARNING * * *
The four-headed hydra bites you.
* * * LOW HITPOINT WARNING * * *
The four-headed hydra bites you!
* * * LOW HITPOINT WARNING * * *
The four-headed hydra bites you!
You die...

# ## ### ###
#.##P##+#####P####.#####
#....................##.
...P....................
≈.≈≈P.r.................
≈≈P≈≈.D@................
≈≈≈≈≈...................
≈≈≈.≈P###.##+...........
≈.≈≈P. ###...#.........
.≈PP. #.####.......#
.♣..# #. #####.... ...#
# ##..+ ### #.... #....


You could see a four-headed hydra and a porcupine.

Vanquished Creatures
  Pikel (D:6)
  A centaur zombie (D:8)
  Grinder (D:6)
  A troll (D:7)
  A hippogriff (D:6)
  A wyvern (D:8)
  Eustachio (D:6)
  A crocodile (Lair:1)
  A soldier ant (D:6)
  2 porcupines (D:8)
  A sky beast (D:8)
  2 ice beasts
  4 ogres
  A phantom (D:5)
  A black bear (D:8)
  3 orc warriors
  A centaur (D:8)
  A big kobold (D:8)
  A bullfrog (D:8)
  Blork the orc (D:6)
  5 scorpions
  9 wights (D:7)
  A howler monkey (D:4)
  5 crimson imps
  A jelly (D:8)
  A hound (D:8)
  2 bullfrog skeletons
  An iguana (D:4)
  4 worker ants
  4 orc wizards
  2 hound skeletons
  A howler monkey zombie (D:8)
  9 adders
  3 river rats (Sewer)
  An ooze (D:4)
  3 worms
  A dart slug (D:3)
  6 leopard geckos
  25 orcs
  4 bats (D:1)
  4 giant cockroaches
  7 goblins
  6 hobgoblins
  9 jackals
  4 quokkas
  3 ball pythons
  10 frilled lizards
  11 kobolds
  13 rats
  A fungus (D:8)
183 creatures vanquished.

Vanquished Creatures (others)
  A slave (D:6)
  A worker ant (D:6)
  4 fungi (D:8)
  2 plants (D:8)
8 creatures vanquished.

Grand Total: 191 creatures vanquished

Notes
Turn   | Place    | Note
-------+----------+-------------------------------------------
     0 | D:1      | Glundar the Troll Martial Artist began the quest for the
                  | Orb.
     0 | D:1      | Reached XP level 1. HP: 22/22 MP: 1/1
    87 | D:1      | Reached XP level 2. HP: 22/29 MP: 2/2
   434 | D:1      | Reached ** piety under Wu Jian
   529 | D:1      | Found a glowing golden altar of the Shining One.
   858 | D:2      | Found a sparkling altar of Nemelex Xobeh.
   860 | D:2      | Reached XP level 3. HP: 35/36 MP: 3/3
   971 | D:2      | Found a bloodstained altar of Trog.
  1041 | D:2      | Found a corrupted altar of Lugonu.
  1041 | D:2      | Found a stormy altar of Qazlal.
  1042 | D:2      | Found a glowing golden altar of the Shining One.
  1503 | D:3      | Found Zin's Purification Station.
  1507 | D:3      | Found a glowing silver altar of Zin.
  1611 | D:3      | Reached skill level 1 in Stealth
  2209 | D:3      | Gained mutation: Your natural rate of healing is unusually
                  | fast. [Troll growth]
  2209 | D:3      | Reached XP level 4. HP: 44/44 MP: 4/4
  2288 | D:3      | Found a shimmering altar of Xom.
  2476 | D:3      | Reached skill level 1 in Slings
  2574 | D:4      | Found an opulent altar of Gozag.
  2593 | D:4      | Reached XP level 5. HP: 43/53 MP: 5/5
  2651 | D:4      | Reached *** piety under Wu Jian
  2981 | D:4      | Found a glowing drain.
  2985 | Sewer    | Entered a sewer
  3104 | Sewer    | Reached XP level 6. HP: 61/61 MP: 6/6
  3442 | D:4      | Found a snail-covered altar of Cheibriados.
  3805 | D:5      | Entered Level 5 of the Dungeon
  3805 | D:5      | Found a staircase to the Ecumenical Temple.
  3812 | D:4      | Reached skill level 5 in Unarmed Combat
  4104 | D:5      | Noticed an ice beast
  4121 | D:5      | Killed an ice beast
  4121 | D:5      | Reached XP level 7. HP: 31/68 MP: 7/7
  4185 | D:5      | Found a hazy altar of Hepliaklqana.
  4432 | D:5      | Found a burning altar of Makhleb.
  4611 | D:6      | Reached **** piety under Wu Jian
  4664 | D:6      | Reached XP level 8. HP: 37/78 MP: 8/8
  4723 | D:6      | Noticed Eustachio
  4762 | D:6      | Killed Eustachio
  4783 | D:6      | Noticed Grinder
  4799 | D:6      | Killed Grinder
  4799 | D:6      | Reached skill level 6 in Unarmed Combat
  4813 | D:6      | Got a crude dagger
  4823 | D:6      | Noticed Pikel
  4839 | D:6      | Killed Pikel
  4840 | D:6      | Noticed a hippogriff
  4855 | D:6      | Reached skill level 5 in Dodging
  4894 | D:6      | Found a shadowy altar of Dithmenos.
  4908 | D:6      | Killed a hippogriff
  4908 | D:6      | Reached skill level 5 in Fighting
  4908 | D:6      | Reached XP level 9. HP: 70/88 MP: 9/9
  4973 | D:6      | Noticed Blork the orc
  4984 | D:6      | Killed Blork the orc
  5395 | D:7      | Found a sparkling altar of Nemelex Xobeh.
  5509 | D:7      | Found Fekuil's Antique Weapon Shoppe.
  5572 | D:7      | Found a white marble altar of Elyvilon.
  5589 | D:7      | Noticed a troll
  5597 | D:7      | Killed a troll
  5597 | D:7      | Reached skill level 7 in Unarmed Combat
  5827 | D:7      | Found a shattered altar of Ashenzari.
  6456 | D:8      | Found a transporter.
  6456 | D:8      | Found a transporter.
  6456 | D:8      | Noticed a deep troll earth mage
  6456 | D:8      | Noticed a gargoyle
  6457 | D:8      | Noticed an orc knight
  6473 | D:8      | Found a transporter.
  6488 | D:8      | Found a transporter.
  6511 | D:8      | Found a transporter.
  6574 | D:8      | Got an ancient steel ring
  6578 | D:8      | Identified the ring "Zigetes" {Fire Dex+4} (You found it on
                  | level 8 of the Dungeon)
  6607 | D:8      | Reached ***** piety under Wu Jian
  6634 | D:8      | Reached XP level 10. HP: 75/98 MP: 10/10
  7075 | D:8      | Found a staircase to the Lair.
  7105 | Lair:1   | Entered Level 1 of the Lair of Beasts
  7114 | Lair:1   | Reached skill level 8 in Unarmed Combat
  7130 | Lair:1   | Noticed a four-headed hydra
  7142 | Lair:1   | Slain by a four-headed hydra

Skill      XL: |  1  2  3  4  5  6  7  8  9 10 |
---------------+-------------------------------+-----
Stealth        | 1 2 3 4 |  4.1
Slings         | 1 2 3 4 |  4.5
Fighting       | 3 4 5 6 |  6.2
Dodging        | 3 4 5 6 |  6.2
Unarmed Combat | 5 6 7 8 |  8.0
Spellcasting   | |  1.0
Hexes          | |  1.0

Action                   |  1- 3 |  4- 6 |  7- 9 | 10-12 || total
-------------------------+-------+-------+-------+-------++-------
Melee: Unarmed           |   120 |   160 |   267 |    48 ||   595
       Punch             |       |     2 |     4 |       ||     6
       Hunting sling     |       |       |     2 |       ||     2
       Whip              |       |       |       |     5 ||     5
 Fire: Hunting sling     |    12 |    13 |    14 |    14 ||    53
Invok: Whirlwind         |    78 |    32 |   195 |    30 ||   335
       Lunge             |     8 |    13 |    10 |     3 ||    34
  Use: Scroll            |     2 |       |     1 |       ||     3
 Stab: Sleeping          |     3 |     8 |     4 |       ||    15
  Eat: Chunk             |    22 |    14 |    22 |     6 ||    64
Armor: Skin              |    24 |    31 |    59 |    13 ||   127
Dodge: Dodged            |    54 |    73 |   106 |    21 ||   254
